Map: Blackpink LE

Players

Bunny - Winner!

  • Race: Terran Terran
  • Spawn Location: 7:00

Lambo

  • Race: Zerg Zerg
  • Spawn Location: 1:00

Event: IEM Season 12 - Katowice

VOD

Have the link to the VOD?

Description

Time

  • Played on: Feb. 27, 2018, 6:20 a.m.
  • Length: 12:25

All games in this series

Show
View Real Time Build Order
Export as new Build Order

Bunny Terran - Winner!

Build Orders: Liberator Opening, Reaper Expand, Mech 

Get SALT Encoding   

  12  0:00  SCV  
  13  0:13  SCV  
  14  0:17  Supply Depot  
  14  0:25  SCV  
  15  0:39  SCV  
  15  0:40  Barracks  
  16  0:44  Refinery  
  16  0:51  SCV  
  17  1:03  SCV  
  18  1:15  SCV  
  19  1:27  Orbital Command  
  19  1:28  Reaper  
  20  1:39  Command Center  
  20  1:52  Supply Depot  
  20  1:53  SCV  
  21  2:00  Marine  
  22  2:05  SCV  
  22  2:08  Factory  
  23  2:14  Refinery  
  23  2:17  SCV  
  23  2:21  Barracks Reactor  
  24  2:29  SCV  
  25  2:41  SCV  
  26  2:52  Orbital Command  
  26  2:53  SCV, Starport  
  27  3:01  Hellion x2  
  27  3:03  Barracks Tech Lab  
  31  3:05  SCV  
  32  3:13  Supply Depot  
  32  3:17  SCV  
  32  3:18  SCV  
  34  3:22  Hellion  
  34  3:23  Hellion  
  38  3:35  Viking  
  38  3:38  SCV  
  38  3:39  SCV  
  42  3:44  Supply Depot  
  42  3:45  Hellion x2  
  46  3:52  SCV x2  
  46  3:55  Liberator  
  48  4:04  SCV x2  
  48  4:07  Command Center  
  48  4:09  Supply Depot  
  50  4:16  SCV x2  
  55  4:21  Hellion  
  55  4:23  Hellion  
  57  4:27  Supply Depot  
  57  4:28  SCV x2  
  59  4:40  SCV x2  
  59  4:44  Factory x2  
  61  4:52  SCV x2  
  62  4:53  Barracks Tech Lab  
  62  4:56  Refinery  
  62  5:01  Armory x2  
  62  5:02  Refinery  
  62  5:06  SCV x2  
  64  5:13  Hellion x2  
  68  5:18  Starport Reactor  
  68  5:19  SCV x2  
  68  5:20  Orbital Command  
  70  5:31  SCV x2  
  72  5:43  SCV x2  
  72  5:44  Orbital Command  
  72  5:55  SCV x2  
  74  5:58  Terran Vehicle And Ship Armor Level 1, Siege Tank, Terran Vehicle Weapons Level 1  
  74  5:59  Siege Tank  
  74  6:00  Hellion x2  
  84  6:04  Refinery  
  84  6:06  Refinery  
  84  6:07  SCV x2  
  84  6:09  Supply Depot x2  
  84  6:11  SCV  
  87  6:19  SCV x2  
  87  6:23  SCV  
  90  6:30  Thor  
  90  6:32  Thor  
  96  6:36  SCV x3  
  96  6:37  Supply Depot x2  
  105  6:41  Hellion  
  105  6:42  Hellion  
  107  6:47  Medivac  
  107  6:53  Medivac  
  109  6:57  SCV x3  
  109  7:01  Infernal Pre-Igniter, Supply Depot  
  106  7:02  Supply Depot  
  102  7:09  SCV x2  
  102  7:10  SCV, Engineering Bay  
  102  7:13  Factory x2  
  102  7:15  Siege Tank  
  108  7:18  Hellion x2  
  108  7:22  Siege Tank  
  115  7:25  Supply Depot  
  115  7:29  Viking  
  117  7:31  Viking  
  119  7:37  Supply Depot  
  119  7:38  Supply Depot  
  119  7:46  Hellion x2  
  119  7:47  Siege Tank  
  123  7:58  Factory Tech Lab  
  123  7:59  Factory Reactor  
  123  8:00  Siege Tank  
  123  8:03  Command Center  
  123  8:05  Supply Depot  
  123  8:07  Hellion x2  
  123  8:12  Viking x2  
  129  8:17  Terran Vehicle Weapons Level 2  
  131  8:24  Terran Vehicle And Ship Armor Level 2  
  129  8:30  Siege Tank  
  129  8:31  Hellion  
  129  8:32  Hellion  
  126  8:38  Siege Tank  
  126  8:39  Supply Depot, Hellion x2  
  133  8:46  Siege Tank  
  136  8:53  Hellion x2  
  140  9:02  Viking, Siege Tank  
  145  9:04  Viking  
  145  9:06  Supply Depot, Hellion x2  
  151  9:12  Siege Tank  
  151  9:14  Hellion x2  
  159  9:24  SCV x3  
  159  9:25  Siege Tank  
  159  9:29  Sensor Tower  
  164  9:31  Hellion  
  164  9:32  Hellion  
  164  9:36  Hellion x2  
  164  9:37  Viking  
  164  9:38  Viking  
  175  9:44  Siege Tank  
  175  9:45  Hellion  
  175  9:46  SCV  
  175  9:47  SCV x2  
  178  9:53  Hellion  
  178  9:58  Siege Tank  
  183  10:03  Hellion  
  183  10:04  Hellion x2  
  183  10:05  Refinery  
  183  10:06  Siege Tank  
  192  10:07  Refinery  
  192  10:10  Planetary Fortress  
  192  10:17  Viking x2  
  196  10:23  Hellion  
  196  10:25  Hellion  
  196  10:27  Factory  
  200  10:39  Siege Tank  
  194  10:44  Hellion x3  
  194  10:47  Hellion x2  
  194  10:48  Siege Tank  
  144  11:05  Hellion x2, Siege Tank  
  144  11:08  Hellion  
  144  11:09  Hellion  
  144  11:11  Siege Tank  
  158  11:17  Viking  
  155  11:26  Viking  
  155  11:29  Siege Tank  
  155  11:31  Hellion  
  155  11:32  Hellion x3  
  156  11:33  Hellion  
  156  11:34  Hellion  
  156  11:44  Hellion  
  155  11:58  Hellion  
Show
View Real Time Build Order
Export as new Build Order

Lambo Zerg 

Build Orders: Hatch First 

Get SALT Encoding   

  12  0:00  Drone  
  13  0:13  Overlord  
  13  0:17  Drone  
  14  0:32  Drone x2  
  17  0:35  Drone  
  17  0:52  Hatchery  
  17  0:54  Drone  
  17  0:57  Drone  
  18  1:09  Extractor  
  17  1:12  Spawning Pool  
  17  1:15  Drone  
  18  1:18  Drone  
  18  1:28  Drone  
  19  1:40  Overlord  
  19  1:50  Drone  
  20  1:59  Queen  
  23  2:01  Zergling x2  
  23  2:03  Queen  
  23  2:04  Zergling x2  
  26  2:18  Hatchery  
  26  2:19  Drone  
  26  2:23  Drone  
  26  2:25  Drone  
  28  2:34  Metabolic Boost  
  28  2:35  Drone  
  28  2:37  Drone  
  30  2:39  Drone  
  31  2:47  Queen  
  31  2:51  Drone  
  34  2:55  Overlord  
  35  2:58  Drone  
  35  3:02  Drone  
  36  3:13  Drone x5  
  41  3:23  Drone, Queen  
  44  3:28  Overlord  
  44  3:30  Drone  
  44  3:32  Drone  
  44  3:33  Drone  
  47  3:43  Drone  
  47  3:45  Queen  
  47  3:47  Drone  
  47  3:48  Drone x3  
  54  3:51  Drone x2  
  54  3:52  Overlord  
  56  4:01  Overlord, Baneling Nest  
  55  4:03  Overlord  
  55  4:06  Overlord  
  55  4:10  Queen  
  55  4:16  Zergling x2  
  58  4:19  Zergling x4  
  58  4:20  Zergling x2  
  58  4:22  Drone x3  
  58  4:23  Lair  
  64  4:26  Spore Crawler, Drone  
  64  4:28  Spore Crawler  
  64  4:30  Spore Crawler, Drone  
  63  4:34  Drone x2  
  63  4:38  Drone  
  66  4:40  Drone x2  
  66  4:41  Drone  
  66  4:45  Drone x2  
  71  4:49  Drone x3  
  71  4:52  Overlord  
  74  4:56  Drone x3  
  74  4:59  Extractor  
  76  5:03  Drone x3, Queen  
  76  5:06  Zergling x2  
  82  5:14  Evolution Chamber x2  
  80  5:16  Overlord  
  80  5:17  Drone x2  
  82  5:21  Extractor  
  82  5:22  Extractor, Centrifical Hooks  
  82  5:25  Drone x2, Hatchery  
  81  5:30  Drone  
  81  5:31  Overlord  
  81  5:35  Overlord  
  82  5:38  Overlord  
  82  5:39  Overlord  
  82  5:41  Drone x2  
  82  5:42  Drone x2  
  86  5:43  Overlord  
  86  5:47  Zerg Melee Weapons Level 1, Extractor  
  86  5:48  Extractor  
  83  5:53  Drone x4  
  87  5:57  Drone  
  87  6:03  Zergling x4  
  87  6:04  Zergling x4  
  91  6:10  Zerg Ground Armor Level 1  
  91  6:12  Zergling x2  
  91  6:13  Zergling x2  
  91  6:17  Zergling x4  
  91  6:18  Zergling x6  
  98  6:24  Zergling x2, Hydralisk Den  
  98  6:26  Zergling x2  
  98  6:30  Zergling x2  
  98  6:31  Zergling x2  
  101  6:33  Baneling x2  
  101  6:34  Baneling x2  
  101  6:37  Zergling x2  
  102  6:40  Zergling x6  
  102  6:46  Zergling x6  
  102  6:47  Zergling x4  
  104  6:49  Zergling x2  
  104  6:53  Zergling x4  
  107  6:54  Baneling x3  
  107  7:00  Drone x2  
  109  7:02  Zergling x4  
  109  7:08  Queen  
  110  7:09  Drone  
  110  7:12  Baneling  
  110  7:13  Drone x3  
  116  7:20  Infestation Pit  
  116  7:21  Muscular Augments  
  116  7:22  Drone  
  116  7:23  Drone x3  
  116  7:25  Drone x2  
  116  7:26  Drone, Hydralisk x2  
  116  7:27  Extractor  
  116  7:28  Extractor  
  124  7:30  Overlord  
  124  7:31  Overlord  
  124  7:33  Hydralisk  
  124  7:36  Overlord  
  126  7:37  Overlord  
  126  7:41  Zerg Missile Weapons Level 1  
  126  7:43  Overlord  
  126  7:44  Overlord, Baneling x2  
  126  7:46  Hydralisk x2  
  126  7:47  Hydralisk  
  126  7:48  Hydralisk x3  
  133  7:53  Hydralisk x2  
  133  7:57  Hydralisk x4  
  141  8:01  Hydralisk x2  
  141  8:04  Overlord  
  144  8:07  Hive, Hydralisk x2  
  144  8:10  Drone  
  144  8:11  Drone x2  
  144  8:13  Hydralisk  
  145  8:22  Hydralisk x3  
  145  8:24  Drone  
  145  8:25  Drone  
  146  8:27  Drone x2  
  146  8:30  Drone x3  
  146  8:31  Hydralisk x2  
  146  8:32  Grooved Spines  
  146  8:37  Hydralisk x3  
  152  8:42  Queen  
  152  8:47  Drone x3  
  152  8:48  Drone x2  
  159  8:49  Spire  
  159  8:54  Hydralisk x3  
  163  8:58  Overlord  
  162  9:07  Hydralisk  
  164  9:11  Hatchery  
  164  9:14  Hydralisk x3  
  164  9:15  Zergling x2  
  164  9:16  Zergling x2  
  171  9:20  Viper  
  174  9:24  Overlord  
  174  9:28  Hydralisk  
  174  9:29  Hydralisk x3  
  182  9:40  Zergling x2  
  182  9:41  Zergling x4  
  182  9:50  Baneling  
  182  9:51  Baneling  
  182  9:52  Viper  
  182  9:55  Zergling x14  
  192  10:03  Greater Spire  
  192  10:04  Overlord  
  192  10:05  Baneling  
  192  10:08  Overlord  
  192  10:13  Baneling x6  
  192  10:14  Overlord  
  187  10:21  Overlord  
  186  10:28  Overlord  
  186  10:31  Corruptor x5  
  186  10:33  Overlord  
  186  10:35  Overlord  
  194  10:36  Hatchery  
  194  10:37  Overlord  
  189  10:43  Hydralisk x4  
  189  10:44  Hydralisk  
  189  10:49  Corruptor, Overlord  
  191  10:51  Zergling x6  
  175  10:58  Hydralisk  
  175  10:59  Hydralisk x3  
  166  11:16  Brood Lord  
  166  11:17  Brood Lord x3  
  113  11:40  Zergling x20  
  113  11:41  Zergling x6, Hydralisk Den  
  113  11:45  Extractor  
  113  11:46  Extractor  
  123  12:04  Spire  

Tags
 
Add a new tag
Caveats
  • Supply blocks, unpowered buildings, or Contaminate may cause inaccurate times.
  • Supply counts are checked every 10 seconds.